 Dungeon Crawl Stone Soup version 0.18-a0-1773-gec4f98e (webtiles) character file.

1729 M4edhros the Covert (level 9, -2/53 HPs)
             Began as an Octopode Artificer on Apr 14, 2016.
             Was a Believer of Fedhas.
             Shot with an arrow by a centaur (14 damage)
             ... on level 7 of the Dungeon.
             The game lasted 00:15:18 (7498 turns).

M4edhros the Covert (Octopode Artificer)            Turns: 7498, Time: 00:15:19

Health: -2/53      AC:  1    Str: 11    XL:     9   Next: 5%
Magic:  13/15      EV: 12    Int: 18    God:    Fedhas [**....]
Gold:   168        SH:  0    Dex: 15    Spells: 0 memorised, 8 levels left

rFire  . . .     SeeInvis .     a - +2 short sword (venom)
rCold  . . .     Gourm    .     (no shield)
rNeg   . . .     Faith    .     (helmet restricted)
rPois  +         Spirit   .     (no amulet)
rElec  .         Dismiss  .     p - ring of poison resistance
rCorr  .         Reflect  .     z - +4 ring of strength
SustAt .         Harm     .     i - ring of stealth
MR     .....     Clarity  +     (no ring)
Stlth  +++++++...               (no ring)
                                (no ring)
                                (no ring)
                                (no ring)

@: not resistant to hostile enchantments, extremely stealthy
A: almost no armour, amphibious, 8 rings, constrict 8, tentacle spike 1,
camouflage 1, clarity, gelatinous body 1, MP-powered wands
a: Evolution, Sunlight, Renounce Religion


You were on level 7 of the Dungeon.
You worshipped Fedhas.
Fedhas was pleased with you.
You were not hungry.

You visited 2 branches of the dungeon, and saw 8 of its levels.
You also visited: Ossuary.

You collected 448 gold pieces.
You spent 280 gold pieces at shops.

Inventory:

Hand Weapons
 a - a +2 short sword of venom (weapon)
 k - a +0 hunting sling
 l - a +0 spear
 m - a +0 vampiric short sword
Missiles
 t - 156 stones (quivered)
Jewellery
 i - a ring of stealth (on tentacle)
 p - a ring of poison resistance (left tentacle)
 w - a +1 ring of evasion {unknown}
 z - a +4 ring of strength (right tentacle)
Wands
 b - a wand of flame (15/48)
 c - a wand of enslavement (9/24)
 d - a wand of random effects (15/48)
 e - a wand of iceblast (6/15)
 o - a wand of iceblast (11/15)
 q - a wand of confusion (19/48)
 x - a wand of enslavement (0/24)
Scrolls
 g - a scroll of blinking {unknown}
 h - 4 scrolls of remove curse
 j - a scroll of amnesia
 n - a scroll of fog
 s - a scroll of enchant armour
 v - 2 scrolls of fear
 y - a scroll of recharging
 A - a scroll of vulnerability {unknown}
 B - a scroll of identify
Comestibles
 f - 7 bread rations
 u - a beef jerky


   Skills:
 - Level 1.0 Fighting
 - Level 1.0 Short Blades
 - Level 2.0 Dodging
 + Level 11.3 Stealth
 * Level 8.5 Invocations
 - Level 3.2 Evocations


You had 8 spell levels left.
You didn't know any spells.

Dungeon Overview and Level Annotations

Branches:
Dungeon (7/15)             Temple (1/1) D:4

Altars:
Ashenzari
Dithmenos
Elyvilon
Fedhas
Kikubaaqudgha
Makhleb
Nemelex Xobeh
Okawaru
Pakellas
Qazlal
Vehumet
Xom
Zin

Shops:
D:5 }


Innate Abilities, Weirdness & Mutations

You cannot wear most types of armour.
You are amphibious.
You can wear up to eight rings at the same time.
You can use your tentacles to constrict eight enemies at once.
Your skin changes colour to match your surroundings (Stealth).
Your rubbery body absorbs attacks (AC +1).
One of your tentacles bears a spike.
You possess an exceptional clarity of mind.
You expend magic power (3 MP) to strengthen your wands.


Message History

Your centaur shoots an arrow.
The arrow hits the adder!
You see here an arrow.
You swap places.
The centaur shoots an arrow.
The arrow hits your centaur!
The centaur shoots an arrow.
The arrow hits you!
* * * LOW HITPOINT WARNING * * *
The adder bites you.
* * * LOW HITPOINT WARNING * * *
You see here an arrow.
Drink which item? (? for menu, Esc to quit)
You feel better.
Your centaur unwields an uncursed shortbow.
Your centaur closely misses the adder.
The centaur shoots an arrow.
The arrow misses you.
The arrow hits the adder!
The adder dies!
Your centaur wields an uncursed shortbow.
Your centaur shoots an arrow.
The arrow barely misses the centaur.
The centaur shoots an arrow.
The arrow closely misses your centaur. The arrow hits you!
You die...
Fedhas appreciates your contribution to the ecosystem.

#..#..#..#..#..#..#
#..#..#..#..#..#..#
...#.....#.....#..# ...#.....#
..Zh#..# #### ################..#
#... ...[..............#### #...
.........ff....f(.#..## #...
################(.##..########...
#.)...#.....#@(##.............
#.....#.....#c(#.f#..######.##
#..#..#..#..#(.#####f# ###..#
#..#..#..#..#..# ##.###...###
...#.....#..c..# #........[.#
...# ...c# .(..# #..........#
############## #..........#
##..........# #...........
#####.........#.######...........


You could see a centaur, a hound, a worker ant zombie, a friendly wandering
mushroom and a friendly centaur.

Vanquished Creatures
  A water moccasin (D:7)
  2 ice beasts (D:7)
  A phantom (D:5)
  The ghost of Arantyr the Shooter, an amateur HEHu (D:3)
  A big kobold (D:5)
  A howler monkey (D:5)
  2 hounds
  A jelly (D:7)
  An orc priest (D:7)
  A centaur skeleton (Ossuary)
  Ijyb (D:2)
  An iguana (D:6)
  5 orc wizards
  3 worker ants
  3 big kobold skeletons (Ossuary)
  3 hound skeletons
  2 mummies (Ossuary)
  A gnoll (D:7)
  6 adders
  A shadow imp (D:6)
  3 oozes
  An adder skeleton (D:7)
  4 dart slugs
  2 giant geckos
  18 orcs
  8 giant cockroaches
  6 goblins
  7 hobgoblins
  2 jackals (D:5)
  5 kobolds
  3 quokkas
  A ball python skeleton (D:4)
  8 bats
  A giant gecko skeleton (D:4)
  3 giant newts
  5 gnoll skeletons (Ossuary)
  2 goblin skeletons (Ossuary)
  A hobgoblin skeleton (Ossuary)
  A jackal skeleton (D:7)
  2 orc skeletons (Ossuary)
  A quokka skeleton (D:4)
  6 rats
128 creatures vanquished.

Vanquished Creatures (collateral kills)
  A hungry ghost (D:7)
  3 orc warriors
  A sky beast (D:7)
  A centaur (D:7)
  2 ogres
  3 killer bees (D:7)
  2 orc priests
  A worker ant (D:6)
  3 gnolls (D:7)
  2 adders
  4 orcs
23 creatures vanquished.

Vanquished Creatures (others)
  3 wandering mushrooms
  An iguana (D:3)
  An adder (D:7)
  58 toadstools
63 creatures vanquished.

Grand Total: 214 creatures vanquished

Notes
Turn   | Place    | Note
--------------------------------------------------------------
     0 | D:1      | M4edhros the Octopode Artificer began the quest for the Orb.
     0 | D:1      | Reached XP level 1. HP: 13/13 MP: 3/3
    47 | D:1      | Reached skill level 2 in Stealth
   260 | D:1      | Reached XP level 2. HP: 15/18 MP: 4/4
   367 | D:1      | Reached skill level 3 in Stealth
  1029 | D:2      | Noticed Ijyb
  1041 | D:2      | Gained mutation: You possess an exceptional clarity of mind. [potion of mutation]
  1041 | D:2      | Gained mutation: You expend magic power (3 MP) to strengthen your wands. [potion of mutation]
  1052 | D:2      | Killed Ijyb
  1052 | D:2      | Reached skill level 4 in Stealth
  1052 | D:2      | Reached XP level 3. HP: 14/23 MP: 5/5
  1196 | D:2      | Reached skill level 5 in Stealth
  1297 | D:2      | Reached XP level 4. HP: 23/28 MP: 6/6
  1644 | D:3      | Reached skill level 6 in Stealth
  1772 | D:3      | Noticed Arantyr's ghost (amateur HEHu)
  1940 | D:3      | Reached XP level 5. HP: 19/33 MP: 7/7
  2209 | D:4      | Reached skill level 7 in Stealth
  2247 | D:4      | Found a staircase to the Ecumenical Temple.
  2252 | Temple   | Entered the Ecumenical Temple
  2268 | Temple   | Became a worshipper of Fedhas Madash
  2284 | D:4      | Found an oddly glowing altar of Pakellas.
  2325 | D:4      | Found a sand-covered staircase.
  2332 | Ossuary  | Entered an ossuary
  2537 | Ossuary  | Reached * piety under Fedhas
  2558 | Ossuary  | Reached skill level 8 in Stealth
  2748 | Ossuary  | Reached XP level 6. HP: 18/38 MP: 8/8
  3481 | D:4      | Reached skill level 1 in Invocations
  3782 | D:4      | Reached skill level 9 in Stealth
  3829 | D:5      | Entered Level 5 of the Dungeon
  3889 | D:3      | Killed Arantyr's ghost
  3892 | D:3      | Reached XP level 7. HP: 38/43 MP: 9/9
  4065 | D:3      | Found an oddly glowing altar of Pakellas.
  4737 | D:5      | Found Ehiujuvu's Gadget Boutique.
  4745 | D:5      | Bought a plain deck of changes for 140 gold pieces
  4756 | D:5      | Gained mutation: One of your tentacles bears a spike. [helix card]
  4758 | D:5      | Bought a plain deck of changes for 140 gold pieces
  4758 | D:5      | Drew Focus: Int increased to 16, Str decreased to 9
  4763 | D:5      | XOM: polymorph wandering mushroom -> wandering mushroom
  4768 | D:5      | Drew Focus: Int increased to 17, Str decreased to 8
  4774 | D:5      | Drew Focus: Int increased to 18, Str decreased to 7
  4814 | D:5      | Reached ** piety under Fedhas
  5500 | D:6      | Found a shattered altar of Ashenzari.
  5595 | D:6      | Reached skill level 5 in Invocations
  5601 | D:6      | Reached skill level 10 in Stealth
  5900 | D:6      | Found a white marble altar of Elyvilon.
  5907 | D:6      | Found an ancient bone altar of Kikubaaqudgha.
  5912 | D:6      | Found a shattered altar of Ashenzari.
  5920 | D:6      | Reached XP level 8. HP: 43/48 MP: 12/12
  5925 | D:6      | Found a burning altar of Makhleb.
  5930 | D:6      | Found a shimmering altar of Xom.
  5937 | D:6      | Found a shadowy altar of Dithmenos.
  5942 | D:6      | Found a glowing silver altar of Zin.
  7067 | D:7      | Reached skill level 11 in Stealth
  7286 | D:7      | Reached XP level 9. HP: 22/53 MP: 15/15
  7498 | D:7      | Shot with an arrow by a centaur

Vault maps used:
D:1:      lightli_arrival_farm
D:2:      wad_pebble_path, first_bread, uniq_iyjb
D:3:      grunt_pakellas_basics
D:4:      lemuel_crystal_altar, minmay_temple_entry_statues_pillars,
          nicolae_ossuary_entry_monument
D:5:      serial_shops, shop_fountains, nrook_uturn
D:6:      grunt_temple_overflow_octagram, evilmike_ruin_ashenzari
D:7:      kennysheep_windowed_halls
Temple:   eino_temple_water_12
Ossuary:  minmay_ossuary_gauntlet

Skill      XL: |  1  2  3  4  5  6  7  8 |
---------------+-------------------------+-----
Stealth        | 2 4 5 6 8 9 10 11 | 11.3
Invocations    | 2 5 8 |  8.5
Fighting       | |  1.0
Short Blades   | |  1.0
Dodging        | |  2.0
Evocations     | |  3.2

Action                   |  1- 3 |  4- 6 |  7- 9 || total
-------------------------+-------+-------+-------++-------
Melee: Short sword       |    29 |    84 |   103 ||   216
       Constrict         |    17 |    25 |    26 ||    68
       Tentacles         |    11 |    20 |    21 ||    52
       Spear             |    44 |    40 |       ||    84
       Kick              |       |       |    19 ||    19
 Fire: Hunting sling     |       |    33 |    99 ||   132
Invok: Evolution         |       |     2 |     3 ||     5
Evoke: Wand              |       |     2 |     9 ||    11
       Deck              |       |       |    22 ||    22
  Use: Potion            |     2 |     2 |     6 ||    10
       Scroll            |       |     6 |     8 ||    14
 Stab: Sleeping          |    13 |     5 |    18 ||    36
       Distracted        |     1 |       |       ||     1
  Eat: Chunk             |     1 |     3 |     1 ||     5
       Meat ration       |       |     1 |     2 ||     3
       Royal jelly       |       |       |     2 ||     2
Armor: Skin              |     7 |    11 |     5 ||    23
Dodge: Dodged            |    32 |    73 |    71 ||   176
